 Dungeon Crawl Stone Soup version 0.31.0-11-ge490571c62 (webtiles) character file.

Game seed: 9031889785807775116

34 qw the Shooter (level 3, 0/18 HPs)
             Began as a Spriggan Hunter on Feb 4, 2024.
             Succumbed to their own poison gas
             ... on level 1 of the Dungeon.
             The game lasted 00:00:04 (1045 turns).

qw the Shooter (Spriggan Hunter)                    Turns: 1045, Time: 00:00:04

Health: 0/18       AC:  2    Str:  7    XL:     3   Next: 14%
Magic:  4/4        EV: 19    Int: 10    God:
Gold:   164        SH:  0    Dex: 20    Spells: 2/2 levels left

rFire   . . .        a - +0 shortbow
rCold   . . .        (shield currently unavailable)
rNeg    . . .        c - +0 robe
rPois   .            (helmet restricted)
rElec   .            (no cloak)
rCorr   .            (gloves unavailable)
SInv    +            (boots unavailable)
Will    .....        (no amulet)
Stlth   ++           (no ring)
HPRegen 0.23/turn    (no ring)
MPRegen 0.09/turn

%: no passive effects
@: lethally poisoned (0 -> -5), very quick
A: very small, no large weapons, unfitting armour, see invisible, speed 3
a: no special abilities


You were on level 1 of the Dungeon.
You visited 1 branch of the dungeon, and saw 2 of its levels.

You collected 164 gold pieces.


Innate Abilities, Weirdness & Mutations

You are very small and have problems with some larger weapons.
You are too small for most types of armour.
You have supernaturally acute eyesight. (SInv)
You cover ground extremely quickly. (Speed+++)


   Skills:
 - Level 1.5 Fighting
 + Level 4.5 Ranged Weapons
 - Level 4.0 Dodging
 - Level 1.5 Stealth


You had 2 spell levels left.
You didn't know any spells.
Your spell library was empty.

Inventory:

Hand Weapons
 a - a +0 shortbow (weapon)
Armour
 c - a +0 robe (worn)
Potions
 e - a potion of enlightenment
 h - a potion of curing {unknown}
 j - a potion of ambrosia {unknown}

Dungeon Overview and Level Annotations

Branches:
Dungeon (2/15)

Altars:


Message History

Enter note:
Enter note:
1033 ||| READING scroll of identify.
1033 ||| IDENTIFYING smoky green potion
As you read the scroll of identify, it crumbles to dust.
d - a potion of invisibility
1034 ||| READING 2 scrolls labelled NOQACO USARPHO RAO.
Blink to where?
Press: ? - help, Dir - move target, f - you
As you read the scroll labelled NOQACO USARPHO RAO, it crumbles to dust.
It was a scroll of blinking.
1035 ||| READING 2 scrolls labelled MIATAL IPUSE.
The air fills with toxic fumes!
As you read the scroll labelled MIATAL IPUSE, it crumbles to dust.
It was a scroll of poison.
1036 ||| READING scroll labelled QUCHEAR RACAN.
As you read the scroll labelled QUCHEAR RACAN, it crumbles to dust.
You feel momentarily disoriented.
It was a scroll of revelation.
1037 ||| DROPPING scroll of blinking.
You drop a scroll of blinking.
1038 ||| DROPPING potion of invisibility.
You drop a potion of invisibility.
1039 ||| DROPPING scroll of poison.
You drop a scroll of poison.
Enter note:
Enter note:
Enter note:
Enter note: You are engulfed in poison gas.
You are poisoned.
You feel very sick.
1041 ||| Stepping ~*~*~tactically~*~*~ (cloud).
You feel sick.
Things that are here:
a scroll of poison; a potion of invisibility; a scroll of blinking
There is a lethal amount of poison in your body!
You feel very sick.
There is a lethal amount of poison in your body!
You feel very sick.
There is a lethal amount of poison in your body!
You feel sick.
There is a lethal amount of poison in your body!
You die...

###############
###############
############### ##
#######################.
####....................
####0##################.
#00¤¤00@0000¤0..........
#¤##¤##################.
#.##.########## #.
########.##.##########
#.
#...........##########
#.
#.####......##########
##
#.................#### #
#....#......#####.#### #
#....#......#.......# #


There were no monsters in sight!

Vanquished Creatures
  3 dart slugs (D:1)
  5 ball pythons (D:1)
  3 endoplasms (D:1)
  A goblin (D:1)
  3 hobgoblins (D:1)
  A quokka (D:1)
  6 bats (D:1)
  3 frilled lizards
  A kobold (D:1)
26 creatures vanquished.

Notes
Turn   | Place    | Note
-------+----------+-------------------------------------------
     0 | D:1      | qw the Spriggan Hunter began the quest for the Orb.
     0 | D:1      | Reached XP level 1. HP: 10/10 MP: 2/2
     0 | D:1      | 0 ||| qw: Version: 0.3-a-160-g6735b56
     0 | D:1      | 0 ||| qw: Game counter: 5918
     0 | D:1      | 0 ||| qw: Melee chars always use a shield: true
     0 | D:1      | 0 ||| qw: God list: Okawaru
     0 | D:1      | 0 ||| qw: Allow faded altars: false
     0 | D:1      | 0 ||| qw: Do Orc after clearing Dungeon:15 true
     0 | D:1      | 0 ||| qw: Do second Lair branch before Depths: true
     0 | D:1      | 0 ||| qw: Lair rune preference: random
     0 | D:1      | 0 ||| qw: Goals: Normal
     0 | D:1      | 0 ||| PLANNING D:1-11
    84 | D:1      | Reached skill level 3 in Dodging
    87 | D:1      | You fall into a shaft and drop 1 floor!
   227 | D:2      | 227 ||| READING scroll labelled FINAMMITHRI.
   328 | D:2      | 328 ||| READING 2 scrolls labelled FIMAUNG ZEOWNI.
   328 | D:2      | 328 ||| IDENTIFYING grey potion
   329 | D:2      | 329 ||| DROPPING scroll of butterflies.
   348 | D:1      | Reached XP level 2. HP: 12/14 MP: 3/3
   638 | D:1      | Reached XP level 3. HP: 18/18 MP: 4/4
  1033 | D:1      | 1033 ||| READING scroll of identify.
  1033 | D:1      | 1033 ||| IDENTIFYING smoky green potion
  1034 | D:1      | 1034 ||| READING 2 scrolls labelled NOQACO USARPHO RAO.
  1035 | D:1      | 1035 ||| READING 2 scrolls labelled MIATAL IPUSE.
  1036 | D:1      | 1036 ||| READING scroll labelled QUCHEAR RACAN.
  1037 | D:1      | 1037 ||| DROPPING scroll of blinking.
  1038 | D:1      | 1038 ||| DROPPING potion of invisibility.
  1039 | D:1      | 1039 ||| DROPPING scroll of poison.
  1041 | D:1      | 1041 ||| Stepping ~*~*~tactically~*~*~ (cloud).
  1043 | D:1      | HP: 3/18 [poisoned by you (poison gas)]
  1044 | D:1      | HP: 1/18 [poisoned by you (poison gas)]
  1045 | D:1      | Succumbed to their own poison gas

Levels and vault maps discovered:
D:1:      giann_wishing_wells, layout_basic
D:2:      layout_basic, minmay_strange_pillars

Skill      XL: |  1  2 |
---------------+-------+-----
Dodging        | 3 4 |  4.0
Fighting       | |  1.5
Ranged Weapons | |  4.5
Stealth        | |  1.5

Action                     || total
---------------------------++-------
   Fire: Shortbow          ||    67
    Use: Scroll            ||     6
 Armour: Robe              ||     6
  Dodge: Dodged            ||    25

Table legend:
 A = Non-vault XP
 B = Vault XP
 C = Vault XP percentage of total XP
 D = Non-vault monster count
 E = Vault monster count
 F = Vault count percentage of total count
                 A         B        C        D         E       F
            +---------+---------+-------+---------+---------+-------
      Total |      49 |       0 |   0.0 |      26 |       0 |   0.0
            +---------+---------+-------+---------+---------+-------
        D:1 |      48 |       0 |   0.0 |      25 |       0 |   0.0
        D:2 |       1 |       0 |   0.0 |       1 |       0 |   0.0
            +---------+---------+-------+---------+---------+-------
